 Dungeon Crawl Stone Soup version 0.26.1-2-gb8aa6d0cf2 (webtiles) character file.

Game seed: 12779593574268010481

652769 dohliylev the Conqueror (level 27, -1/218 HPs)
             Began as a Minotaur Berserker on Mar 24, 2021.
             Was a Priest of Trog.
             Killed from afar by an orb of fire (12 damage)
             ... with a bolt of fire
             ... on level 1 of the Realm of Zot.
             The game lasted 04:27:19 (60610 turns).

dohliylev the Conqueror (Minotaur Berserker)       Turns: 60610, Time: 04:27:20

Health: -1/218     AC: 50    Str: 36    XL:     27
Magic:  17/18      EV: 20    Int: -14 (7) God:    Trog [***...]
Gold:   9532       SH: 16    Dex: 11    Spells: 26/26 levels left

rFire    + + .     SeeInvis +   I - +9 broad axe (vamp)
rCold    + + +     Faith    .   n - +1 kite shield {reflect}
rNeg     . . .     Spirit   .   T - +12 crystal plate armour
rPois    +         Reflect  +   P - +1 hat
rElec    .         Harm     .   S - +2 cloak {Will+}
rCorr    .         Rampage  .   D - -3 pair of gloves of Avigh {Regen+ Str+4 Int-4 SInv}
Will     ++++.     Rnd*Rage +   X - +1 pair of boots "Juf Hos" {+Fly Will+ Regen+ Int+2} Stlth ..........Rnd*Tele +
                                N - amulet of Vail Wej {rC+++ Regen+ Int+9}
HPRegen  0.00/turn              Q - ring "Deoty" {*Drain +Fly Str+5}
MPRegen  0.16/turn              M - ring "Xar Ymnuqa" {+Inv rPois rF++ Str-3}

@: berserk cooldown, slowed, lost intelligence, studying Polearms, very slow
A: retaliatory headbutt, horns 2, [berserk 2], blurry vision 1, deterioration 2,
[dopey 2], [frail 2], low mp 1[+1], [screaming 1], [inhibited regeneration],
[teleportitis 1], [weak 2], subdued magic 1[+1]
}: 4/15 runes: serpentine, barnacled, silver, abyssal
a: Renounce Religion, Evoke Invisibility, Evoke Flight, Berserk, Trog's Hand


You were on level 1 of the Realm of Zot.
You worshipped Trog.
Trog was most pleased with you.
You visited 10 branches of the dungeon, and saw 48 of its levels.
You visited the Abyss 2 times.
You visited 1 bazaar.
You also visited: Sewer, Bailey and Gauntlet.

You collected 9622 gold pieces.
You spent 90 gold pieces at shops.

Inventory:

Hand Weapons
 o - the +3 war axe of the Modern Ziggurats {flame, rElec Dex+6}
   (Trog gifted it to you on level 4 of the Depths)

   It has been specially enchanted to burn those struck by it, causing extra
   injury to most foes and up to half again as much damage against particularly
   susceptible opponents.
   Big, fiery blades are also staple armaments of hydra-hunters.
   It affects your dexterity (+6).
   It insulates you from electricity.
 I - a +9 vampiric broad axe (weapon)
 Y - the +10 glaive "Geituehosch" {vorpal, Int+4}
   (You found it on level 4 of the Shoals)

   It inflicts extra damage upon your enemies.
   It affects your intelligence (+4).
Armour
 b - a +0 tower shield of protection
 l - +0 gold dragon scales
 n - a +1 kite shield of reflection (worn)
 q - +0 fire dragon scales
 w - the +4 ring mail of Indemnity {rF++ Int+2 Dex+2}
   (You found it on level 2 of the Abyss)

   It affects your intelligence (+2).
   It affects your dexterity (+2).
   It greatly protects you from fire.
 D - the -3 pair of gloves of Avigh (worn) {Regen+ Str+4 Int-4 SInv}
   (You acquired it on level 3 of the Abyss)

   It affects your strength (+4).
   It affects your intelligence (-4).
   It lets you see invisible.
   It increases your rate of regeneration.
 O - the +6 swamp dragon scales of Vampiric Thralls {Harm rPois rN+ Will- Str+7}
   (You took it off a minotaur in a Gauntlet)

   It affects your strength (+7).
   It protects you from poison.
   It protects you from negative energy.
   It affects your willpower, your defense against some magical effects.
   It increases damage dealt and taken.
 P - a +1 hat (worn)
 S - a +2 cloak of willpower (worn)
 T - a +12 crystal plate armour (worn)
 X - the +1 pair of boots "Juf Hos" (worn) {+Fly Will+ Regen+ Int+2}
   (You found it on level 3 of the Elven Halls)

   It affects your intelligence (+2).
   It affects your willpower, your defense against some magical effects.
   It lets you fly.
   It increases your rate of regeneration.
Jewellery
 t - the ring "Qikaec" {rPois rC+ Stlth+}
   (You found it on level 4 of the Lair of Beasts)

   [ring of stealth]

   It protects you from cold.
   It protects you from poison.
   It makes you more stealthy.
 L - the ring "Azxuic" {rF++ Int+3 SInv Stlth+}
   (You found it in a Gauntlet)

   [ring of stealth]

   It affects your intelligence (+3).
   It greatly protects you from fire.
   It lets you see invisible.
   It makes you more stealthy.
 M - the ring "Xar Ymnuqa" (right hand) {+Inv rPois rF++ Str-3}
   (You found it on level 4 of the Shoals)

   [ring of poison resistance]

   It affects your strength (-3).
   It greatly protects you from fire.
   It protects you from poison.
   It lets you turn invisible.
 N - the amulet of Vail Wej (around neck) {rC+++ Regen+ Int+9}
   (You took it off a vampire knight on level 3 of the Crypt)

   [amulet of regeneration]

   It affects your intelligence (+9).
   It renders you almost immune to cold.
   It increases your rate of regeneration.
 Q - the ring "Deoty" (left hand) {*Drain +Fly Str+5}
   (You found it in a Gauntlet)

   [ring of flight]

   It affects your strength (+5).
   It lets you fly.
   It causes draining when unequipped.
 Z - the ring "Atynyrog" {rN+ MP+9 Dex+2 Slay+3}
   (You found it on level 3 of the Crypt)

   [ring of positive energy]

   It affects your dexterity (+2).
   It affects your accuracy and damage with ranged weapons and melee attacks
   (+3).
   It protects you from negative energy.
   It affects your magic capacity (+9).
Wands
 v - a wand of acid (13)
 H - a wand of digging (17)
Scrolls
 a - a scroll of enchant armour
 c - 25 scrolls of remove curse
 e - 10 scrolls of magic mapping
 g - 13 scrolls of blinking
 i - 4 scrolls of summoning
 u - 37 scrolls of teleportation
 y - 10 scrolls of fog
 A - 18 scrolls of fear
 B - a scroll of brand weapon
 J - 6 scrolls of enchant weapon
 K - 32 scrolls of identify
 V - 2 scrolls of silence
Potions
 d - 34 potions of curing
 f - 7 potions of cancellation
 j - a potion of berserk rage
 k - 7 potions of invisibility
 m - 16 potions of heal wounds
 p - 7 potions of ambrosia
 r - 9 potions of might
 s - a potion of resistance
 x - 10 potions of haste
 E - 2 potions of flight
 F - 13 potions of attraction
Books
 h - a manual of Polearms
Miscellaneous
 z - a condenser vane
 C - a phantom mirror


   Skills:
 O Level 27 Fighting
 - Level 2.6 Long Blades
 - Level 21.9(22.9) Axes
 - Level 13.0(18.9) Polearms
 - Level 0.7(1.1) Slings
 - Level 1.0 Bows
 - Level 1.0 Crossbows
 - Level 1.0(1.1) Throwing
 O Level 27 Armour
 * Level 25.4 Dodging
 - Level 15.0 Shields
 - Level 0.4 Conjurations
 - Level 0.3 Hexes
 - Level 0.8 Summonings
 - Level 0.6 Necromancy
 - Level 0.5 Translocations
 - Level 0.3 Transmutations
 - Level 0.7 Fire Magic
 - Level 0.7 Ice Magic
 - Level 0.7 Air Magic
 - Level 1.0 Earth Magic
 - Level 0.9 Poison Magic
 - Level 1.1 Invocations
 + Level 7.2 Evocations


You had 26 spell levels left.
You didn't know any spells.
Your spell library contained the following spells:

 Spells                   Type           Power        Failure   Level
 Ensorcelled Hibernation  Hex/Ice        0%           97%         2
 Hailstorm                Conj/Ice       0%           100%        4
 Ice Form                 Ice/Tmut       0%           100%        4
 Sticky Flame             Conj/Fire      0%           100%        4
 Metabolic Englaciation   Hex/Ice        0%           100%        5


Dungeon Overview and Level Annotations

Branches:
Dungeon (15/15)            Temple (0/1) D:5            Lair (6/6) D:10
 Shoals (4/4) Lair:3        Snake (4/4) Lair:2          Orc (2/2) D:12
    Elf (3/3) Orc:2        Vaults (5/5) D:14          Crypt (3/3) Vaults:3
   Tomb (0/3) Crypt:3      Depths (5/5) D:15            Zot (1/5) Depths:5
  Sewer (visited)          Bailey (visited)         Gauntlet (visited)
  Slime: Lair:5-6

Altars:
Elyvilon
Fedhas
Gozag
Kikubaaqudgha
Makhleb
Nemelex Xobeh
Okawaru
Ru
Trog
Yredelemnul
Zin
The Shining One
Beogh

Shops:
D:5 [   D:12 [   D:14 }   Orc:2 [*(:   Snake:2 (:((!(   Vaults:2 :

Portals:
Hell: Depths:1 Depths:2 Depths:3 Depths:4 Depths:5
Abyss: Depths:4
Pandemonium: Depths:3
Ziggurat: Depths:4


Innate Abilities, Weirdness & Mutations

You reflexively headbutt those who attack you in melee.
You have a pair of horns on your head.
Scrolls take you a little longer to read.
Your body often deteriorates upon taking damage.
[You often lose your temper in combat.]
[You are very dopey. (Int -4)]
[You are very frail. (-20% HP)]
[Your magical capacity is very low. (-20% MP)]
[You occasionally shout uncontrollably at your foes.]
[You do not regenerate when monsters are visible.]
[You are occasionally teleported next to monsters.]
[You are very weak. (Str -4)]
[Your spells are easier to cast, but less powerful.]


Message History

* * * LOW HITPOINT WARNING * * *
The green draconian shifter completely misses you.
The orb of fire emits a lurid red light.
Strange energies course through your body.
You feel your body start to fall apart.
The black draconian monk completely misses you.
The black draconian monk kicks you but does no damage.
You block the black draconian monk's attack.
The white draconian breathes frost at you.
The chilling breath misses you.
The yellow draconian hits you from afar with a +0 halberd.
* * * LOW HITPOINT WARNING * * *
The yellow draconian throws acid at you.
The glob of acid hits you!
* * * LOW HITPOINT WARNING * * *
You are splashed with acid!
* * * LOW HITPOINT WARNING * * *
The orb of fire glows yellow.
The bolt of fire hits you! You resist.
You die...

.##...... .#.....#
#......#
###......#
#.....#..# #
###.....(..# ..#
##.......#d.##...#
#.......d*........
#......ddd@q......
######.dDq.^..#...
#...>........
#....##......
#....# #.....
#..d## #.... #...#
.... ..⌠.# ...
#....#


You could see an orb of fire, a black draconian monk, a storm dragon, 2
draconians, a green draconian, 2 draconians, a red draconian, a white draconian
(catching breath) and a green draconian shifter.

Vanquished Creatures
  2 ancient liches (Crypt:3)
  Mara (Vaults:3)
  Margery (Vaults:3)
  Bai Suzhen (Vaults:2)
  A caustic shrike (shapeshifter) (Depths:4)
  6 caustic shrikes
  4 golden dragons
  2 profane servitors (Abyss:4)
  3 bone dragons
  Jorgrun (D:13)
  4 liches
  A hellephant (Abyss:3)
  4 tentacled monstrosities (Vaults:5)
  2 deep elf blademasters (Elf:3)
  2 deep elf master archers (Elf:3)
  Rupert (D:14)
  3 quicksilver dragons
  4 titans
  3 ancient champions (Crypt:3)
  9 tentacled starspawn
  6 sphinxes
  Polyphemus (Shoals:4)
  4 tengu reavers
  6 shadow dragons
  Kirke (Shoals:1)
  3 storm dragons
  Ilsuiw (Shoals:4)
  5 revenants
  15 fire giants
  10 nagarajas
  A frost giant (shapeshifter) (Depths:4)
  13 frost giants
  2 deep elf sorcerers
  Louise (Elf:1)
  An iron dragon (shapeshifter) (Depths:1)
  An orc warlord (Orc:2)
  3 iron dragons
  4 curse skulls
  12 vault wardens
  2 balrugs (Abyss:3)
  A draconian shifter (Abyss:4)
  5 ghouls (Crypt:1)
  A draconian stormcaller (Depths:5)
  6 deep elf elementalists
  3 spriggan defenders
  16 stone giants
  14 ironheart preservers
  A draconian annihilator (Depths:5)
  4 war gargoyles (Depths:4)
  41 very ugly things
  10 vampire knights
  13 deep elf annihilators
  A black draconian (Depths:5)
  5 entropy weavers
  3 yellow draconians
  2 dire elephants (Lair:6)
  7 deep elf demonologists
  8 spark wasps
  A minotaur (Gauntlet)
  A purple draconian (Abyss:2)
  Snorg (D:14)
  17 ettins
  A crystal guardian (Vaults:3)
  2 eidola
  13 deep elf death magi
  3 blizzard demons
  3 merfolk javelineers
  2 green deaths (Snake:2)
  9 merfolk impalers
  18 yaktaur captains
  7 jiangshi
  10 fire dragons
  11 great orbs of eyes
  Harold (D:8)
  3 deep elf high priests
  5 hydras
  12 naga warriors
  29 vault guards
  7 ice dragons
  2 catoblepae
  4 spriggan air magi
  3 merfolk avatars
  8 rakshasas
  8 anacondas
  5 merfolk aquamancers
  Erica (D:11)
  15 boulder beetles
  16 centaur warriors
  3 satyrs
  2 two-headed ogres (shapeshifter)
  3 death knights
  19 ogre magi
  56 two-headed ogres
  43 dancing weapons
  4 deep troll earth magi
  4 tengu warriors
  4 hell hogs
  5 death yaks
  4 deep troll shamans
  2 queen ants (shapeshifter)
  6 orc high priests
  An alligator snapping turtle (shapeshifter) (Depths:4)
  25 thrashing horrors
  4 vampire magi
  13 spriggan berserkers
  9 naga sharpshooters
  Sonja (D:10)
  10 hell knights
  2 shock serpents (Snake:3)
  3 spriggans
  28 deep elf knights
  Nergalle (D:10)
  A fire crab (shapeshifter) (D:15)
  11 wretched stars
  2 sun demons (Abyss:3)
  2 shadow wraiths
  4 sixfirhies
  A salamander mystic (Depths:3)
  13 skeletal warriors
  4 spatial maelstroms
  4 iron trolls
  A sea snake (shapeshifter) (Depths:2)
  17 deep trolls
  A shadow demon (Abyss:2)
  8 naga ritualists
  15 sea snakes
  9 glowing orange brains
  5 lindwurms
  28 deep elf archers
  4 flayed ghosts
  8 wizards
  46 starcursed masses
  4 obsidian statues (Depths:4)
  6 unseen horrors
  16 ironbrand convokers
  19 orc knights
  A lindwurm (shapeshifter) (Depths:4)
  3 necromancers
  A wolf spider zombie (Abyss:3)
  32 harpies
  8 phantasmal warriors
  60 ugly things
  6 mana vipers
  7 orc sorcerers
  6 wolf spiders
  5 cyclopes
  A cyclops (shapeshifter) (Vaults:5)
  A fire giant zombie (Crypt:3)
  14 fauns
  74 deep elf magi
  2 moths of wrath (Zot:1)
  A frost giant zombie (Abyss:4)
  A sphinx skeleton (Crypt:2)
  15 manticores
  11 slime creatures
  7 elephants
  2 moths of wrath (shapeshifter)
  9 salamanders
  2 worldbinders
  2 guardian serpents (shapeshifter)
  11 merfolk sirens
  2 rust devils
  8 guardian serpents
  27 naga magi
  2 stone giant skeletons
  2 apocalypse crabs
  A frost giant skeleton (Crypt:3)
  15 vault sentinels
  3 orange demons
  8 smoke demons
  4 water nymphs
  3 centaur zombies
  A molten gargoyle (Depths:4)
  6 gargoyles
  A cane toad (shapeshifter) (Depths:5)
  42 black mambas
  11 cane toads
  64 yaktaurs
  2 kobold demonologists (Abyss:2)
  A dire elephant skeleton (Crypt:1)
  A hellion (Abyss:4)
  A catoblepas zombie (Crypt:1)
  3 efreet
  8 komodo dragons
  2 tengu conjurers
  A tormentor (Abyss:4)
  9 freezing wraiths
  An ice devil (Gauntlet)
  A red devil (Abyss:3)
  A demonic crawler (Abyss:3)
  A death yak skeleton (Crypt:1)
  4 guardian mummies (Crypt:3)
  6 ancient zymes
  A death drake zombie (Crypt:1)
  8 hellwings
  9 trolls
  3 trolls (shapeshifter)
  A meliai (shapeshifter) (Depths:3)
  A catoblepas skeleton (Abyss:4)
  32 merfolk
  25 large abominations
  A raiju (shapeshifter) (D:15)
  3 meliai (D:13)
  A wind drake (shapeshifter) (D:14)
  2 snapping turtles (shapeshifter)
  10 polar bears
  15 wind drakes
  2 hornets (shapeshifter)
  8 hornets
  A harpy skeleton (Crypt:2)
  27 raiju
  6 dream sheep
  A jumping spider zombie (Crypt:1)
  11 snapping turtles
  6 blink frogs
  A stone giant simulacrum (Vaults:1)
  Sigmund (D:2)
  An ice dragon skeleton (Abyss:2)
  2 shadows
  4 flying skulls
  5 redbacks
  3 tarantellas
  15 small abominations
  A black mamba skeleton (Crypt:3)
  80 yaks
  8 air elementals
  8 fire elementals
  8 ynoxinuls
  9 wyverns
  21 water elementals
  7 wraiths
  3 vampires
  A yak (shapeshifter) (Vaults:1)
  Eustachio (D:4)
  A golden eye (Abyss:4)
  3 hogs (Shoals:1)
  A basilisk (shapeshifter) (Elf:1)
  A hog (shapeshifter) (Depths:2)
  5 chaos spawn
  3 basilisks
  8 neqoxecs
  A gelid demonspawn zombie (Crypt:2)
  63 nagas
  2 soldier ants (shapeshifter)
  11 wargs
  A merfolk zombie (Crypt:2)
  2 soldier ants
  A spatial vortex (Abyss:4)
  A floating eye (shapeshifter) (Vaults:5)
  2 acid dragons
  A floating eye (Depths:3)
  19 hell hounds
  23 water moccasins
  A water moccasin (shapeshifter) (Elf:2)
  A two-headed ogre skeleton (Crypt:3)
  73 orc warriors
  A sky beast (shapeshifter) (Vaults:5)
  A sky beast (D:15)
  15 black bears
  A fire dragon simulacrum (Abyss:2)
  5 ice beasts
  2 phantoms (D:11)
  A swamp dragon zombie (Crypt:1)
  39 ogres
  2 eyes of draining
  2 necrophages (Crypt:1)
  5 boggarts (D:14)
  A boulder beetle simulacrum (Vaults:2)
  25 centaurs
  2 swamp dragon skeletons
  25 wolves
  3 big kobolds
  11 earth elementals
  20 bullfrogs
  A wyvern zombie (D:11)
  An elf skeleton (Crypt:1)
  A komodo dragon zombie (Crypt:2)
  A yaktaur skeleton (Crypt:2)
  A palentonga skeleton (Crypt:1)
  A scorpion (shapeshifter) (Depths:4)
  2 wyvern skeletons
  2 scorpions
  A water moccasin skeleton (Crypt:2)
  A killer bee (shapeshifter) (Depths:4)
  A killer bee (D:10)
  7 wights
  5 howler monkeys
  8 electric eels
  A crimson imp (Abyss:2)
  5 lava snakes (Snake:4)
  A bullfrog zombie (D:7)
  2 human simulacra (Vaults:1)
  4 jellies
  6 quasits
  50 orc priests
  Crazy Yiuf (D:4)
  6 centaur skeletons
  7 hounds
  41 orc wizards
  2 iron imps
  2 bullfrog skeletons (D:6)
  A demonspawn skeleton (Crypt:3)
  18 worker ants
  4 iguanas
  6 hell rats (Lair:2)
  A killer bee zombie (Crypt:3)
  An ogre zombie (Crypt:1)
  2 hound skeletons
  Robin (D:2)
  A howler monkey zombie (D:8)
  A worker ant zombie (D:10)
  19 adders
  6 gnolls
  A howler monkey skeleton (D:4)
  A river rat (D:3)
  4 shadow imps
  8 white imps
  6 ufetubi
  An ooze (D:4)
  An adder skeleton (Crypt:1)
  A halfling skeleton (Crypt:1)
  A worm (D:3)
  A barachi zombie (Crypt:1)
  3 dart slugs (D:5)
  5 leopard geckos
  155 orcs
  8 ball pythons
  5 giant cockroaches
  8 goblins
  11 hobgoblins
  A hobgoblin (shapeshifter) (Vaults:5)
  6 jackals
  A quokka (D:7)
  11 bats
  4 frilled lizards
  A gnoll skeleton (Crypt:1)
  A goblin zombie (Crypt:3)
  33 kobolds
  A leopard gecko skeleton (D:8)
  A leopard gecko zombie (D:5)
  7 rats
  A bush (Shoals:2)
  3 crawling corpses
  A lurking horror (Abyss:4)
  6 starspawn tentacles
2769 creatures vanquished.

Vanquished Creatures (collateral kills)
  A caustic shrike (Depths:5)
  A tentacled monstrosity (Depths:2)
  A lich (Vaults:5)
  A titan (Vaults:5)
  The ghost of Cleetus the Severer, an adept FoFi of Okawaru (Snake:2)
  A nagaraja (Snake:4)
  2 fire giants (Vaults:4)
  2 vault wardens
  3 very ugly things
  The ghost of Muaziggi the Frost Mage, a journeyman GnIE of Sif Muna (Lair:4)
  A black draconian (Depths:5)
  4 yellow draconians (Depths:5)
  An ettin (Depths:5)
  2 deep elf death magi
  A jiangshi (Depths:2)
  A yaktaur captain (Depths:2)
  A rakshasa (Depths:2)
  An ice dragon (Depths:5)
  A naga warrior (Snake:4)
  A hydra (Lair:2)
  A centaur warrior (Vaults:4)
  A two-headed ogre (Depths:2)
  A hell knight (Depths:5)
  A vampire mage (Depths:2)
  3 naga sharpshooters (Snake:4)
  2 deep elf knights
  A sun demon (Abyss:3)
  2 deep trolls (Depths:2)
  2 ironbrand convokers
  A manticore (Lair:6)
  4 deep elf magi
  A salamander (Snake:4)
  A guardian serpent (Snake:4)
  4 naga magi (Snake:4)
  A vault sentinel (Vaults:4)
  A black mamba (Lair:6)
  A large abomination (Abyss:4)
  An ancient zyme (Abyss:4)
  2 yaktaurs (Depths:2)
  A starcursed mass (Abyss:4)
  A neqoxec (Abyss:4)
  2 nagas (Snake:4)
  3 orc warriors
  An ogre (Depths:2)
  2 orc priests (Orc:2)
  An orc wizard (Orc:2)
  An orc (Orc:2)
71 creatures vanquished.

Vanquished Creatures (others)
  Aizul (Snake:4)
  A deep elf mage (Elf:1)
  A black mamba (Depths:3)
  A merfolk siren (Shoals:4)
  A merfolk (Shoals:4)
  An air elemental (Depths:4)
  A fire elemental (Depths:4)
  A naga (Snake:2)
  An adder (Depths:3)
  A ball python (Depths:3)
  5 ball lightnings (Depths:4)
  2 bushes (D:10)
  24 fungi
  4 lurking horrors
  143 plants
  24 starspawn tentacles
212 creatures vanquished.

Grand Total: 3052 creatures vanquished

Notes
Turn   | Place    | Note
-------+----------+-------------------------------------------
     0 | D:1      | dohliylev the Minotaur Berserker began the quest for the
                  | Orb.
     0 | D:1      | Reached XP level 1. HP: 19/19 MP: 0/0
   294 | D:1      | Reached XP level 2. HP: 27/27 MP: 1/1
  1067 | D:2      | Found a glowing silver altar of Zin.
  1074 | D:2      | Found a burning altar of Makhleb.
  1081 | D:2      | Found a sacrificial altar of Ru.
  1094 | D:2      | Found a basalt altar of Yredelemnul.
  1140 | D:2      | Reached XP level 3. HP: 21/33 MP: 2/2
  1475 | D:2      | Noticed Sigmund
  1482 | D:2      | Killed Sigmund
  1482 | D:2      | Reached ** piety under Trog
  1483 | D:2      | Reached skill level 5 in Fighting
  1483 | D:2      | Reached skill level 5 in Axes
  1483 | D:2      | Reached XP level 4. HP: 42/42 MP: 3/3
  1483 | D:2      | Reached XP level 5. HP: 48/48 MP: 4/4
  1603 | D:2      | Noticed Robin
  1613 | D:2      | Killed Robin
  2051 | D:3      | Reached XP level 6. HP: 56/56 MP: 5/5
  2263 | D:3      | Found a glowing drain.
  2273 | Sewer    | Entered a sewer
  2317 | Sewer    | Reached *** piety under Trog
  2706 | D:3      | Found a glowing golden altar of the Shining One.
  2942 | D:3      | Reached XP level 7. HP: 3/61 MP: 6/6
  3602 | D:4      | Reached skill level 5 in Armour
  3646 | D:4      | Found a roughly hewn altar of Beogh.
  3824 | D:4      | Noticed Eustachio
  3837 | D:4      | Killed Eustachio
  4066 | D:4      | Reached XP level 8. HP: 68/71 MP: 7/7
  4074 | D:4      | Reached **** piety under Trog
  4339 | D:4      | Found a runed translucent door.
  4340 | D:4      | Noticed Crazy Yiuf
  4346 | D:4      | Killed Crazy Yiuf
  4680 | D:5      | Entered Level 5 of the Dungeon
  4733 | D:5      | Found a staircase to the Ecumenical Temple.
  4842 | D:5      | Found a sparkling altar of Nemelex Xobeh.
  5022 | D:5      | Found Lageam's Antique Armour Shoppe.
  5724 | D:6      | Reached skill level 10 in Axes
  5978 | D:7      | Reached XP level 9. HP: 79/79 MP: 8/8
  5981 | D:7      | Reached skill level 1 in Shields
  6195 | D:7      | Reached ***** piety under Trog
  6478 | D:8      | Found a blossoming altar of Fedhas.
  6523 | D:8      | Reached skill level 5 in Dodging
  6860 | D:8      | Noticed Harold
  6876 | D:8      | Killed Harold
  7296 | D:9      | Reached XP level 10. HP: 90/90 MP: 9/9
  7887 | D:9      | Found an iron altar of Okawaru.
  8225 | D:10     | Entered Level 10 of the Dungeon
  8225 | D:10     | Found an iron altar of Okawaru.
  8270 | D:10     | Killed an unseen horror
  8271 | D:10     | Reached XP level 11. HP: 99/99 MP: 10/10
  8284 | D:10     | Reached skill level 10 in Fighting
  8331 | D:10     | Found a glowing golden altar of the Shining One.
  8627 | D:10     | Noticed Nergalle
  8638 | D:10     | Killed Nergalle
  8649 | D:10     | Reached skill level 5 in Shields
  8884 | D:10     | Noticed a two-headed ogre
  8901 | D:10     | Killed a two-headed ogre
  8902 | D:10     | Reached skill level 10 in Armour
  9104 | D:10     | Noticed a fire giant
  9104 | D:10     | Noticed a fire giant
  9120 | D:10     | Killed a fire giant
  9128 | D:10     | Killed a fire giant
  9180 | D:10     | Noticed a death knight
  9200 | D:10     | Killed a death knight
  9201 | D:10     | Reached skill level 15 in Axes
  9201 | D:10     | Reached XP level 12. HP: 110/110 MP: 11/11
  9303 | D:10     | Received a gift from Trog
  9567 | D:10     | Found a staircase to the Lair.
  9723 | D:10     | Noticed Sonja
  9732 | D:10     | Killed Sonja
 10596 | Lair:1   | Entered Level 1 of the Lair of Beasts
 10642 | Lair:1   | Found a basalt altar of Yredelemnul.
 11138 | Lair:1   | Noticed a four-headed hydra
 11148 | Lair:1   | Killed an 11-headed hydra
 11300 | Lair:2   | Found a staircase to the Snake Pit.
 11415 | Lair:2   | Noticed a five-headed hydra
 11422 | Lair:2   | Killed a six-headed hydra
 12274 | Lair:3   | Found a gate leading to a gauntlet.
 12283 | Gauntlet | Entered a Gauntlet
 12283 | Gauntlet | Found a transporter.
 12286 | Gauntlet | Found a transporter.
 12302 | Gauntlet | Found a transporter.
 12303 | Gauntlet | Found a transporter.
 12325 | Gauntlet | Found a transporter.
 12335 | Gauntlet | Found a transporter.
 12348 | Gauntlet | Found a transporter.
 12365 | Gauntlet | Found a transporter.
 12369 | Gauntlet | Found a transporter.
 12373 | Gauntlet | Noticed a hell beast
 12377 | Gauntlet | Found a transporter.
 12394 | Gauntlet | Noticed a blizzard demon
 12400 | Gauntlet | Found a transporter.
 12402 | Gauntlet | Found a transporter.
 12475 | Gauntlet | Killed a blizzard demon
 12476 | Gauntlet | Reached XP level 13. HP: 122/122 MP: 12/12
 12530 | Gauntlet | Got a pitted amber ring
 12568 | Gauntlet | Got a shimmering bronze ring
 12582 | Gauntlet | Identified the cursed +1 hand crossbow of Umepp {penet, rC+
                  | Will+}
 12582 | Gauntlet | Identified the +6 swamp dragon scales of Vampiric Thralls
                  | {Harm rPois rN+ Will- Str+7}
 12582 | Gauntlet | Noticed a minotaur
 12596 | Gauntlet | HP: 4/122 [minotaur/+0 bardiche (10)]
 12600 | Gauntlet | Killed a minotaur
 12724 | Gauntlet | Got an ancient copper ring
 12899 | Lair:3   | Found a staircase to the Shoals.
 13611 | Lair:4   | Got a warped chain mail
 13755 | Lair:4   | Found a transporter.
 13874 | Lair:4   | Noticed Muaziggi's ghost (journeyman GnIE)
 13875 | Lair:4   | Found a transporter.
 14258 | Lair:4   | Identified the cursed +1 chain mail of Zuv Urit {Dex+6}
                  | (You found it on level 4 of the Lair of Beasts)
 14286 | Lair:4   | Identified the ring "Azxuic" {rF++ Int+3 SInv Stlth+} (You
                  | found it in a Gauntlet)
 14288 | Lair:4   | Identified the ring "Enuedaz" {*Tele rN++ Stlth-} (You
                  | found it in a Gauntlet)
 14291 | Lair:4   | Identified the ring "Deoty" {*Drain +Fly Str+5} (You found
                  | it in a Gauntlet)
 14368 | Lair:4   | Killed Muaziggi's ghost
 14403 | Lair:4   | Got a steaming steel ring
 14925 | Lair:5   | Identified the ring "Qikaec" {rPois rC+ Stlth+} (You found
                  | it on level 4 of the Lair of Beasts)
 15026 | Lair:5   | Received a gift from Trog
 15032 | Lair:5   | Found a transporter.
 15040 | Lair:5   | Found a transporter.
 15733 | Lair:6   | Entered Level 6 of the Lair of Beasts
 15742 | Lair:6   | Reached XP level 14. HP: 132/132 MP: 13/13
 15840 | Lair:6   | Reached skill level 10 in Shields
 15933 | Lair:6   | Received a gift from Trog
 16210 | Lair:6   | Got a distressingly furry ring mail
 16377 | Lair:1   | Identified the +2 ring mail of Dishonesty {rElec Dex+4}
                  | (You found it on level 6 of the Lair of Beasts)
 16392 | Lair:1   | Identified a scroll of acquirement
 16397 | Lair:1   | Acquired a manual of Polearms
 17311 | D:11     | Got a brightly glowing scimitar
 17312 | D:11     | Identified the +5 scimitar "Idduuryr" {antimagic, rElec rC+
                  | Will- Int+2} (You found it on level 11 of the Dungeon)
 17411 | D:11     | Noticed Erica
 17421 | D:11     | Killed Erica
 17611 | D:11     | Found an opulent altar of Gozag.
 18351 | D:12     | Found Loliogio's Armour Shop.
 18642 | D:12     | Found a staircase to the Orcish Mines.
 18660 | Orc:1    | Entered Level 1 of the Orcish Mines
 18669 | Orc:1    | Reached skill level 15 in Fighting
 19011 | Orc:2    | Entered Level 2 of the Orcish Mines
 19018 | Orc:2    | Received a gift from Trog
 19326 | Orc:2    | Found a roughly hewn altar of Beogh.
 19490 | Orc:2    | Reached XP level 15. HP: 122/140 MP: 14/14
 19757 | Orc:2    | Noticed an orc warlord
 19759 | Orc:2    | Reached ****** piety under Trog
 19773 | Orc:2    | Received a gift from Trog
 19796 | Orc:2    | Killed an orc warlord
 19930 | Orc:2    | Found Budenne's General Store.
 19936 | Orc:2    | Found Yclausux's Book Boutique.
 19938 | Orc:2    | Found Meceobb's Antique Armour Shop.
 19938 | Orc:2    | Found Tieh Lyh's Antique Weapon Shop.
 20066 | Orc:2    | Found a staircase to the Elven Halls.
 20775 | Lair:6   | Got an iridescent trident
 21077 | D:12     | Identified the +3 trident "Vuofakke" {freeze, Dex+5} (You
                  | found it on level 6 of the Lair of Beasts)
 21100 | D:13     | Noticed Jorgrun
 21110 | D:13     | Killed Jorgrun
 21114 | D:13     | Found a flagged portal.
 21130 | Bailey   | Entered a bailey
 21293 | Bailey   | Reached skill level 1 in Polearms
 21293 | Bailey   | Received a gift from Trog
 22236 | D:14     | Found Ypadox's Gadget Emporium.
 22315 | D:14     | Noticed Snorg
 22332 | D:14     | Killed Snorg
 22448 | D:14     | Found a gate to the Vaults.
 22846 | D:14     | Received a gift from Trog
 22994 | D:14     | Noticed Rupert
 23003 | D:14     | Reached XP level 16. HP: 143/152 MP: 15/15
 23003 | D:14     | Killed Rupert
 23222 | D:15     | Entered Level 15 of the Dungeon
 24085 | D:15     | Found a staircase to the Depths.
 24200 | Depths:1 | Entered Level 1 of the Depths
 24265 | Depths:1 | Identified the cursed +1 hand axe "Kaodirof" {protect,
                  | Int+3 Stlth+}
 24290 | Depths:1 | Received a gift from Trog
 24587 | Depths:1 | Found a gateway to Hell.
 24764 | Depths:1 | Noticed a sphinx
 24764 | Depths:1 | a sphinx changed into a fire giant
 24769 | Depths:1 | Noticed a shadow dragon
 24769 | Depths:1 | a fire giant changed into a shadow dragon
 24774 | Depths:1 | a shadow dragon changed into an iron dragon
 24778 | Depths:1 | Noticed an iron giant
 24778 | Depths:1 | an iron dragon changed into an iron giant
 24779 | Depths:1 | Noticed a golden dragon
 24779 | Depths:1 | an iron giant changed into a golden dragon
 24781 | Depths:1 | a golden dragon changed into an iron dragon
 25215 | Depths:1 | Found a bloodstained altar of Trog.
 25366 | Depths:1 | Noticed a sphinx
 25375 | Depths:1 | Killed a sphinx
 25673 | Depths:2 | Reached XP level 17. HP: 163/163 MP: 16/16
 25885 | Depths:2 | Received a gift from Trog
 26459 | Depths:2 | Reached skill level 15 in Armour
 26579 | Depths:2 | Reached skill level 15 in Shields
 26772 | Depths:2 | Received a gift from Trog
 26926 | Depths:2 | Paralysed by a great orb of eyes for 3 turns
 26949 | Depths:2 | Noticed a quicksilver dragon
 26961 | Depths:2 | Killed a quicksilver dragon
 26987 | Depths:2 | Noticed a golden dragon
 27002 | Depths:2 | Killed a golden dragon
 27003 | Depths:2 | Reached XP level 18. HP: 125/177 MP: 17/17
 27022 | Depths:2 | Noticed a tentacled monstrosity
 27037 | Depths:2 | Killed a tentacled monstrosity
 27680 | Depths:3 | Found a one-way gate leading to the halls of Pandemonium.
 28149 | Depths:3 | You fall into a shaft and drop 2 floors!
 28149 | Depths:5 | Entered Level 5 of the Depths
 28351 | Depths:4 | Reached skill level 10 in Dodging
 28469 | Depths:5 | Received a gift from Trog
 28472 | Depths:5 | Noticed a caustic shrike
 28474 | Depths:5 | Noticed a caustic shrike
 28474 | Depths:5 | Noticed a caustic shrike
 28475 | Depths:5 | Noticed a caustic shrike
 28475 | Depths:5 | Killed a caustic shrike
 28477 | Depths:5 | Noticed a caustic shrike
 28484 | Depths:5 | Killed a caustic shrike
 28484 | Depths:5 | Killed a caustic shrike
 28487 | Depths:5 | Killed a caustic shrike
 28491 | Depths:5 | Killed a caustic shrike
 28602 | Depths:4 | Noticed a caustic shrike
 28602 | Depths:4 | an iron dragon changed into a caustic shrike
 28617 | Depths:4 | Killed a caustic shrike
 28819 | Depths:4 | Lost intelligence.
 29176 | Snake:1  | Entered Level 1 of the Snake Pit
 29287 | Snake:1  | Reached XP level 19. HP: 189/189 MP: 6/18
 29345 | Snake:1  | Lost intelligence.
 29376 | Snake:1  | Reached skill level 1 in Long Blades
 29875 | Snake:2  | Found Miasucaf's Book Shoppe.
 29897 | Snake:2  | Found a flickering gateway to a bazaar.
 29920 | Bazaar   | Entered a bazaar
 29922 | Bazaar   | Found Kaabash's Weapon Boutique.
 29933 | Bazaar   | Found Verghu Fumeb's General Store.
 29933 | Bazaar   | Found Diluoxon's Antique Armour Boutique.
 29935 | Bazaar   | Found Kuts's Gadget Boutique.
 29948 | Bazaar   | Bought a scroll of enchant armour for 90 gold pieces
 30028 | Snake:2  | Found a sacrificial altar of Ru.
 30126 | Snake:2  | Found a runed translucent gate.
 30126 | Snake:2  | Found a runed translucent gate.
 30126 | Snake:2  | Found a runed translucent gate.
 30128 | Snake:2  | Noticed Cleetus's ghost (adept FoFi)
 30143 | Snake:2  | Found Asotir Reaf's Weapon Boutique.
 30155 | Snake:2  | Killed Cleetus's ghost
 30331 | Snake:2  | Found Zulluubb's Weapon Boutique.
 30331 | Snake:2  | Found Qour's Antique Weapon Shop.
 30404 | Snake:2  | Found Jinaacaw's Weapon Boutique.
 30452 | Snake:2  | Found a runed translucent door.
 30629 | Snake:2  | Found Huluasepunt's Distillery.
 30812 | Snake:2  | Received a gift from Trog
 30853 | Snake:2  | Identified the Papyrus of Torrid Cold
 31577 | Snake:4  | Entered Level 4 of the Snake Pit
 31577 | Snake:4  | Noticed Aizul
 31587 | Snake:4  | Killed Aizul
 32043 | Snake:4  | Received a gift from Trog
 32185 | Snake:4  | Got a serpentine rune of Zot
 32974 | Vaults:1 | Entered Level 1 of the Vaults
 33000 | Vaults:1 | Received a gift from Trog
 33010 | Vaults:1 | Reached XP level 20. HP: 202/202 MP: 19/19
 33627 | Vaults:1 | Received a gift from Trog
 33937 | Vaults:1 | Found a white marble altar of Elyvilon.
 34467 | Vaults:1 | Received a gift from Trog
 34958 | Vaults:2 | Found Anidush's Book Shoppe.
 35160 | Vaults:2 | Noticed Bai Suzhen
 35174 | Vaults:2 | Killed Bai Suzhen
 35630 | Vaults:2 | Received a gift from Trog
 35800 | Vaults:2 | Reached XP level 21. HP: 214/215 MP: 20/20
 36251 | Vaults:3 | Paralysed by a lich for 6 turns
 36344 | Vaults:3 | Noticed Mara
 36347 | Vaults:3 | Noticed dohliylev's illusion
 36370 | Vaults:3 | Killed Mara
 36599 | Vaults:3 | Found a staircase to the Crypt.
 36599 | Vaults:3 | Found a basalt altar of Yredelemnul.
 36599 | Vaults:3 | Found an ancient bone altar of Kikubaaqudgha.
 36846 | Vaults:3 | Noticed Margery
 36862 | Vaults:3 | Killed Margery
 37528 | Vaults:3 | Received a gift from Trog
 38341 | Vaults:4 | Identified the +0 hand crossbow of Rebluyde {elec, Str+3
                  | Int+3 Dex+4}
 38439 | Vaults:4 | Cast into level 3 of the Abyss (a deep elf sorcerer)
 38444 | Abyss:3  | Found a broken altar of Ashenzari.
 38508 | Abyss:3  | Received a gift from Trog
 38539 | Abyss:3  | Reached XP level 22. HP: 111/228 MP: 21/21
 38655 | Vaults:4 | Escaped the Abyss
 38718 | Vaults:4 | Reached skill level 15 in Dodging
 39137 | Vaults:4 | Received a gift from Trog
 39320 | Vaults:4 | Paralysed by a sphinx for 2 turns
 39523 | Vaults:5 | Entered Level 5 of the Vaults
 39564 | Vaults:5 | Reached skill level 27 in Fighting
 39672 | Vaults:5 | Received a gift from Trog
 39837 | Vaults:5 | Got a twitching ivory amulet
 39858 | Vaults:5 | Identified the amulet "Qovesa Vohi" {Inacc Int+5} (You
                  | found it on level 5 of the Vaults)
 40066 | Vaults:5 | Reached XP level 23. HP: 228/240 MP: 22/22
 40081 | Vaults:5 | Got a warped ruby amulet
 40116 | Vaults:5 | Identified the amulet "Uqepinipp" {Spirit Slay+5} (You
                  | found it on level 5 of the Vaults)
 40334 | Vaults:5 | Received a gift from Trog
 40435 | Vaults:5 | Paralysed by a floating eye for 2 turns
 40694 | Vaults:5 | Got a silver rune of Zot
 40696 | Vaults:5 | Got a pitted pewter ring
 41094 | Vaults:5 | Identified the ring "Guphup" {+Fly rF+ rN+ MP-9 Dex+3} (You
                  | found it on level 5 of the Vaults)
 41386 | Elf:1    | Entered Level 1 of the Elven Halls
 41525 | Elf:1    | Received a gift from Trog
 41840 | Elf:1    | Received a gift from Trog
 42065 | Elf:1    | Noticed Louise
 42074 | Elf:1    | Identified the cursed +0 spear of Zostyohy {antimagic,
                  | rElec rF+++ Will+ Str-4 Dex+4}
 42103 | Elf:1    | Killed Louise
 42332 | Elf:2    | Found a runed translucent gate.
 42636 | Elf:2    | Received a gift from Trog
 42890 | Elf:2    | Found a runed translucent gate.
 42891 | Elf:2    | Found a runed translucent gate.
 43160 | Elf:2    | Reached XP level 24. HP: 222/249 MP: 13/22
 43428 | Elf:3    | Entered Level 3 of the Elven Halls
 43448 | Elf:3    | Received a gift from Trog
 43838 | Elf:3    | Received a gift from Trog
 44053 | Elf:3    | Identified the +10 morningstar "Zyucid" {vamp, rPois Int-4
                  | SInv}
 44053 | Elf:3    | Identified the ring of Agaskot {*Tele rPois}
 44070 | Elf:3    | Identified the +8 spear of Cobwebs {freeze, rPois rC+}
 44793 | Elf:3    | Got a pair of crude boots
 44804 | Elf:3    | Identified the +1 pair of boots "Juf Hos" {+Fly Will+
                  | Regen+ Int+2} (You found it on level 3 of the Elven Halls)
 44870 | Elf:3    | Got a shimmering ring mail
 44881 | Elf:3    | Identified the +3 ring mail "Haill" {rF+} (You found it on
                  | level 3 of the Elven Halls)
 45289 | Snake:4  | Got a twisted scale mail
 45300 | Snake:4  | Identified the cursed +1 scale mail "Askosi" {Harm} (You
                  | found it on level 4 of the Snake Pit)
 45442 | Shoals:1 | Entered Level 1 of the Shoals
 45585 | Shoals:1 | Noticed Kirke
 45599 | Shoals:1 | Received a gift from Trog
 45606 | Shoals:1 | Killed Kirke
 46542 | Shoals:2 | Received a gift from Trog
 47536 | Shoals:4 | Entered Level 4 of the Shoals
 47539 | Shoals:4 | Received a gift from Trog
 47583 | Shoals:4 | Noticed Polyphemus
 47609 | Shoals:4 | Killed Polyphemus
 47721 | Shoals:4 | Got a pitted steel ring
 47724 | Shoals:4 | Identified the ring "Xar Ymnuqa" {+Inv rPois rF++ Str-3}
                  | (You found it on level 4 of the Shoals)
 47810 | Shoals:4 | Noticed Ilsuiw
 47840 | Shoals:4 | Killed Ilsuiw
 48024 | Shoals:4 | Reached XP level 25. HP: 231/257 MP: 22/22
 48138 | Shoals:4 | Identified the Tome of the Supportive Frostbite
 48247 | Shoals:4 | Got a crystal hand axe
 48249 | Shoals:4 | Identified the +10 hand axe of Gytum {venom, *Corrode rPois
                  | Int+4 SInv} (You found it on level 4 of the Shoals)
 48307 | Shoals:4 | Received a gift from Trog
 48343 | Shoals:4 | Got a bloodstained glaive
 48431 | Shoals:4 | Identified the +10 glaive "Geituehosch" {vorpal, Int+4}
                  | (You found it on level 4 of the Shoals)
 48530 | Shoals:4 | Got a barnacled rune of Zot
 49140 | Depths:3 | Reached skill level 27 in Armour
 49616 | Depths:3 | Reached skill level 5 in Polearms
 49863 | Depths:3 | Paralysed by a floating eye for 3 turns
 49869 | Depths:3 | Received a gift from Trog
 50245 | Depths:3 | Reached skill level 10 in Polearms
 50893 | Depths:4 | Received a gift from Trog
 50911 | Depths:4 | Got a dazzling war axe {god gift}
 50918 | Depths:4 | Identified the +3 war axe of the Modern Ziggurats {flame,
                  | rElec Dex+6} (Trog gifted it to you on level 4 of the
                  | Depths)
 50968 | Depths:4 | Found a gateway to a ziggurat.
 51116 | Depths:4 | Found a one-way gate to the infinite horrors of the Abyss.
 51740 | Depths:5 | Found a gate to the Realm of Zot.
 51942 | Depths:5 | Reached XP level 26. HP: 266/266 MP: 22/22
 51987 | Depths:5 | Noticed a juggernaut
 52717 | Crypt:1  | Entered Level 1 of the Crypt
 52784 | Crypt:1  | Reached skill level 1 in Bows
 52805 | Crypt:1  | Reached skill level 1 in Evocations
 53094 | Crypt:1  | Reached skill level 1 in Invocations
 53169 | Crypt:1  | Reached skill level 1 in Earth Magic
 53229 | Crypt:1  | Reached skill level 1 in Throwing
 53248 | Crypt:1  | Found an ancient bone altar of Kikubaaqudgha.
 53467 | Crypt:1  | Reached skill level 1 in Crossbows
 54358 | Crypt:3  | Entered Level 3 of the Crypt
 55057 | Crypt:3  | Found a staircase to the Tomb.
 55139 | Crypt:3  | Noticed an ancient lich
 55139 | Crypt:3  | Noticed an ancient lich
 55162 | Crypt:3  | Killed an ancient lich
 55164 | Crypt:3  | Identified the amulet of Vail Wej {rC+++ Regen+ Int+9}
 55166 | Crypt:3  | Killed an ancient lich
 55225 | Crypt:3  | Got a steaming platinum ring
 55230 | Crypt:3  | Identified the Volume of Evil
 55231 | Crypt:3  | Identified Caapeuho's Tome of the Aerial Rocks
 55288 | Crypt:3  | Got a brightly glowing bone ring
 55296 | Crypt:3  | Got a crude plate armour
 55301 | Crypt:3  | Got a bloodstained robe
 55312 | Crypt:3  | Identified the +5 plate armour of the Stonemason {rC+ Will+
                  | Str-2 Int+6} (You found it on level 3 of the Crypt)
 55323 | Crypt:3  | Identified the +2 robe "Put-Me-On" {rN++} (You found it on
                  | level 3 of the Crypt)
 55337 | Crypt:3  | Identified the ring "Gonokk" {rN+ Str+3} (You found it on
                  | level 3 of the Crypt)
 55339 | Crypt:3  | Identified the ring "Atynyrog" {rN+ MP+9 Dex+2 Slay+3} (You
                  | found it on level 3 of the Crypt)
 56230 | Depths:4 | Got an encrusted scale mail
 56241 | Depths:4 | Identified the +2 scale mail "Huryeski" {Str+5} (You found
                  | it on level 4 of the Depths)
 56458 | Depths:4 | Voluntarily entered the Abyss.
 56719 | Abyss:1  | Received a gift from Trog
 56778 | Abyss:1  | Found a corrupted altar of Lugonu.
 56937 | Abyss:2  | Found a corrupted altar of Lugonu.
 57225 | Abyss:2  | Got a steaming ring mail
 57236 | Abyss:2  | Identified the +4 ring mail of Indemnity {rF++ Int+2 Dex+2}
                  | (You found it on level 2 of the Abyss)
 57682 | Abyss:2  | Paralysed by accursed screaming for 1 turns
 57816 | Abyss:3  | Found a corrupted altar of Lugonu.
 57920 | Abyss:3  | Found a corrupted altar of Lugonu.
 57948 | Abyss:3  | Acquired the -3 pair of gloves of Avigh {Regen+ Str+4 Int-4
                  | SInv}
 58069 | Abyss:3  | Received a gift from Trog
 58208 | Abyss:3  | Reached skill level 5 in Evocations
 58232 | Abyss:3  | Paralysed by accursed screaming for 2 turns
 58239 | Abyss:3  | Reached XP level 27. HP: 269/273 MP: 22/22
 58334 | Abyss:4  | Paralysed by accursed screaming for 1 turns
 58412 | Abyss:4  | Gained mutation: Your body sometimes deteriorates upon
                  | taking damage. [a neqoxec]
 58425 | Abyss:4  | Gained mutation: [Your magical capacity is low. (-10% MP)]
                  | [a neqoxec]
 58428 | Abyss:4  | Gained mutation: Scrolls take you a little longer to read.
                  | [a neqoxec]
 58972 | Abyss:4  | Received a gift from Trog
 58979 | Abyss:4  | Lost intelligence.
 59028 | Abyss:4  | Paralysed by accursed screaming for 1 turns
 59034 | Abyss:4  | Paralysed by accursed screaming for 1 turns
 59036 | Abyss:4  | Paralysed by accursed screaming for 1 turns
 59065 | Abyss:4  | Paralysed by accursed screaming for 1 turns
 59132 | Abyss:4  | Lost intelligence.
 59176 | Abyss:4  | Got an abyssal rune of Zot
 59211 | Depths:4 | Escaped the Abyss
 60537 | Zot:1    | Entered Level 1 of the Realm of Zot
 60588 | Zot:1    | Noticed an orb of fire
 60607 | Zot:1    | Gained mutation: [Your spells are easier to cast, but less
                  | powerful.] [an orb of fire]
 60610 | Zot:1    | Gained mutation: Your body often deteriorates upon taking
                  | damage. [an orb of fire]
 60610 | Zot:1    | Killed from afar by an orb of fire

Illustrated notes

Levels and vault maps discovered:
D:1:      lemuel_arrival_river_bridge, layout_basic,
          chequers_serial_rivers_room_b
D:2:      layout_loops_cross, grunt_temple_overflow_cloverleaf, uniq_robin,
          uniq_sigmund
D:3:      layout_loops_ring, nicolae_tso_carved_into_rock, gup_sewer_entry_bowl
D:4:      layout_basic, kennysheep_orc_chapel, uniq_crazy_yiuf_cottage,
          uniq_eustachio
D:5:      layout_loops_ring, minmay_temple_entry_wispy, serial_shops,
          nicolae_shop_competitors_out_of_business,
          nemelex_xobeh_ov_fountains_minmay
D:6:      layout_loops_ring
D:7:      layout_basic
D:8:      layout_basic, lemuel_round_altar, kennysheep_minor_cross, uniq_harold
D:9:      layout_basic, kennysheep_okawaru_gauntlet
D:10:     nzn_winding_woodlands_cross [nzn_winding_woodlands_5x15_sidewinder,
          nzn_winding_woodlands_5x15_sawtooth,
          nzn_winding_woodlands_5x15_garden, nzn_winding_woodlands_5x15_eye,
          nzn_winding_woodlands_15x15_boxy_spiral], layout_basic,
          minmay_lair_entry_grove, hangedman_feature_mirror, uniq_nergalle,
          uniq_sonja
D:11:     layout_roguey, minmay_misc_feat_alley, nicolae_gozag_seed_capital,
          uniq_erica
D:12:     layout_rooms, erik_orc_2, serial_shops, shop
D:13:     layout_small_grid, enter_bailey_2, nicolae_straight_to_the_point,
          uniq_jorgrun
D:14:     layout_basic, david_vaults_2, minmay_misc_feat_nine_boxes,
          serial_shops, nicolae_shop_crystal, uniq_rupert, uniq_snorg
D:15:     grunt_enter_depths_snipers, layout_loops_ring
Lair:1:   layout_misc_corridors, basic_altar
Lair:2:   layout_roguey, minmay_snake_entry_spellcaster,
          nicolae_quartered_pool_medium
Lair:3:   layout_roguey, minmay_shoals_entry_hut, gauntlet_entry_generic
Lair:4:   layout_roguey, gammafunk_ghost_arena, serial_bayou_shore_a
Lair:5:   gammafunk_boulding_lane, layout_loops_ring, grunt_megastairs_2
Lair:6:   hangedman_lair_in_review, layout_small_grid,
          hangedman_lair_caniforms_friends, minmay_slime_entry_oklob_open,
          eino_small_chamber_without_monster, lemuel_fruit_tree
Shoals:1: layout_shoals, uniq_kirke
Shoals:2: cheibrodos_shoals_satyrical_garden, layout_shoals
Shoals:3: layout_shoals
Shoals:4: shoals_end_grunt_ice, layout_shoals, shoals_ilsuiw_alternative,
          kb_tengu_band, uniq_polyphemus
Snake:1:  layout_misc_corridors
Snake:2:  cheibrodos_toxic_ritual, layout_gridlike, serial_shops,
          bzr_entry_lakeside, shop, shop, shop, nicolae_shop_waterfront,
          basic_altar, ebering_ghost_rock_garden, st_stairs_13, minmay_shoptagon
Snake:3:  layout_cave_town
Snake:4:  snake_pit, layout_cave_town, nicolae_snake_lava_pool, uniq_aizul
Orc:1:    layout_caves
Orc:2:    st_orc_congregation, layout_caves, minmay_orc_temple_a
Elf:1:    eino_elf_arrival_the_gate, layout_loops_ring, serial_sigils,
          serial_sigils_hangedman_stare, serial_sigils_hangedman_snap,
          serial_sigils_hangedman_confine, serial_sigils_hangedman_shear,
          serial_sigils_hangedman_clutch, minivault_28, kb_rosetta, uniq_louise
Elf:2:    layout_onion_city, abandoned_shop
Elf:3:    grunt_elf_hall_branching, layout_loops_ring, chequers_big_river
Vaults:1: v_rooms_3, v_rooms_2, nicolae_vaults_network_star,
          grunt_vaults_bifocal, nicolae_vaults_big_ls, vaults_standard_mumra_x,
          nicolae_vaults_circle_grid_a, st_more_cells,
          layout_vaults_chaotic_city, basic_altar
Vaults:2: grunt_vaults_trifunnel, nicolae_vaults_hallways_thing,
          nicolae_vaults_shelves_hall, vaults_dpeg_spiral,
          ontoclasm_vaults_ligature, v_misc_3, dpeg_vaults_monster_box,
          grunt_vaults_hallway_short, vaults_dpeg_ring, layout_vaults_omnicross,
          serial_shops, nicolae_shop_statue_plus, uniq_bai_suzhen
Vaults:3: vaults_room_fours, vaults_dpeg_hooks, vaults_room_fancy_cross,
          nicolae_vaults_twisting_passages, nicolae_vaults_network_quincunx
          [nicolae_vaults_network_quincunx_subvault,
          nicolae_vaults_network_quincunx_subvault,
          nicolae_vaults_network_quincunx_subvault,
          nicolae_vaults_network_quincunx_subvault,
          nicolae_vaults_network_quincunx_subvault],
          minmay_crypt_entry_necro_gods, v_misc_24,
          ontoclasm_vaults_claustrophobia, st_diamondy,
          nicolae_vaults_little_squares_1, v_alt_pattern_1,
          nicolae_vaults_rhombus_7, hangedman_vaults_slice,
          nicolae_vaults_alarming, layout_vaults_omnibox, uniq_margery,
          uniq_mara
Vaults:4: v_alt_pattern_6, v_pattern_5, vaults_room_door_hall, v_misc_22,
          nicolae_vaults_windows_and_doors_thing, st_hourglassy, v_misc_10,
          grunt_vaults_funnel, layout_vaults_omnigrid
Vaults:5
Crypt:1:  layout_gridlike, st_stairs_4, amcnicky_altar_gilded,
          grunt_crypt_arrival_webbed
Crypt:2:  layout_catacombs, st_stairs_8
Crypt:3:  david_glass_crypt, layout_misc_corridors, tomb_entry_simple_bobbens
Depths:1: kennysheep_oblong_rooms, layout_basic, minmay_door_square, hell_entry,
          evilmike_spriggan_trog_shrine
Depths:2: minmay_the_grid_square_5x5_4x4 [minmay_the_grid_square_5x5_six_small,
          minmay_the_grid_square_5x5_forky, minmay_the_grid_square_5x5_lines,
          minmay_the_grid_square_5x5_minibox,
          minmay_the_grid_square_5x5_hourglass,
          minmay_the_grid_square_5x5_prize_junk,
          minmay_the_grid_square_5x5_prize_itemx,
          minmay_the_grid_square_5x5_fancy_junction,
          minmay_the_grid_square_5x5_six,
          minmay_the_grid_square_5x5_prize_pseudospiral,
          minmay_the_grid_square_5x5_prize_rear_guard,
          minmay_the_grid_square_5x5_z, minmay_the_grid_square_5x5_seven,
          minmay_the_grid_square_5x5_half_checkered,
          minmay_the_grid_square_5x5_checkered_statues,
          minmay_the_grid_square_5x5_n_small], layout_cave_pools,
          grunt_hell_entry_dis_old, corexii_hall_statues_deadend,
          serial_sigils_hangedman_writhe
Depths:3: angbandy_vault, layout_cave_shapes, rand_demon_pan_entry_5,
          chequers_serial_rivers_small_3, pf_hell_entry_great_geh,
          kennysheep_donut, hangedman_abyss_or_decor_passed,
          minmay_serpent_palace
Depths:4: radiant_caverns_a_rkd, abyss_entry, hell_entry
Depths:5: grunt_bruiser_brothers, layout_basic, serial_glass, glass_columns_b,
          glass_columns_b, serial_sigils_hangedman_snap, grunt_metal_band
Zot:1:    layout_misc_corridors

Skill      XL: |  1  2  3  4  5  6  7  8  9 10 11 12 13 14 15 16 17 18 19 20 21 22 23 24 25 26 27 |
---------------+----------------------------------------------------------------------------------+-----
Axes           | 4 5 7 8 10 12 14 15 16 18 19 20 21 | 21.9
Fighting       | 4 5 6 7 8 9 11 13 14 15 16 17 19 21 22 24 26 27 | 27.0
Armour         | 3 4 5 6 7 9 11 12 13 14 15 17 18 19 20 21 23 26 27 | 27.0
Dodging        | 3 4 5 6 7 9 11 12 13 14 16 18 19 21 24 25 | 25.4
Shields        | 2 4 6 7 9 11 12 14 15 | 15.0
Polearms       | 2 13 | 13.0
Long Blades    | 2 |  2.6
Bows           | 1 |  1.0
Evocations     | 5 7 |  7.2
Invocations    | 1 |  1.1
Earth Magic    | 1 |  1.0
Throwing       | 1 |  1.0
Crossbows      | 1 |  1.0
Slings         | |  0.7
Conjurations   | |  0.4
Hexes          | |  0.3
Summonings     | |  0.8
Necromancy     | |  0.6
Translocations | |  0.5
Transmutations | |  0.3
Fire Magic     | |  0.7
Ice Magic      | |  0.7
Air Magic      | |  0.7
Poison Magic   | |  0.9

Action                   |  1- 3 |  4- 6 |  7- 9 | 10-12 | 13-15 | 16-18 | 19-21 | 22-24 | 25-27 || total
-------------------------+-------+-------+-------+-------+-------+-------+-------+-------+-------++-------
Melee: Hand axe          |    47 |     5 |   264 |   232 |       |       |       |       |       ||   548
       Headbutt          |     5 |    15 |    46 |   105 |   240 |   259 |   372 |   434 |   535 ||  2011
       War axe           |       |    78 |    13 |       |       |       |       |       |   304 ||   395
       Broad axe         |       |       |       |   198 |  1068 |   836 |  1231 |  1458 |  1416 ||  6207
       Glaive            |       |       |       |       |    35 |       |       |       |    10 ||    45
       Scimitar          |       |       |       |       |       |    19 |       |       |       ||    19
Invok: Berserk           |     1 |     1 |    11 |    15 |    26 |    21 |    16 |    14 |    33 ||   138
       Trog's Hand       |       |     1 |       |     3 |    13 |    11 |    11 |    15 |    26 ||    80
       Brothers in Arms  |       |       |       |     1 |     5 |     7 |     6 |     5 |    10 ||    34
 Abil: Evoke Flight      |       |       |       |       |     1 |       |       |     1 |     3 ||     5
       Evoke Invisibilit |       |       |       |       |       |       |       |       |     1 ||     1
  Use: Scroll            |       |       |    13 |     1 |    27 |     8 |     2 |     7 |     5 ||    63
       Potion            |       |       |       |       |       |       |       |       |     1 ||     1
 Stab: Distracted        |       |       |       |       |       |     3 |     3 |     3 |     5 ||    14
       Petrified         |       |       |       |       |       |       |       |     2 |       ||     2
Armor: Animal skin       |     6 |       |       |       |       |       |       |       |       ||     6
       Scale mail        |    18 |    40 |    36 |       |       |       |       |       |       ||    94
       Leather armour    |     1 |       |       |       |       |       |       |       |       ||     1
       Ring mail         |       |       |    36 |       |       |       |       |       |     1 ||    37
       Plate armour      |       |       |    29 |   144 |       |       |       |       |       ||   173
       Troll leather arm |       |       |       |    54 |     2 |       |       |       |       ||    56
       Crystal plate arm |       |       |       |       |   456 |   305 |   525 |   600 |   793 ||  2679
Dodge: Dodged            |    53 |    78 |   134 |   189 |   362 |   219 |   459 |   631 |   916 ||  3041
Block: Buckler           |       |       |    27 |    92 |       |       |       |       |       ||   119
       Kite shield       |       |       |       |    18 |   620 |   389 |   847 |  1023 |  1155 ||  4052
       Reflection        |       |       |       |       |    43 |    53 |   131 |   166 |    32 ||   425
       Rpst.: Scimitar   |       |       |       |       |       |     3 |     1 |       |       ||     4
